 Dungeon Crawl Stone Soup version 0.31.0-1-g2c135a0 (webtiles) character file.

Game seed: 12559452605557693419

9441 holocube the Thaumaturge (level 11, -6/50 HPs)
             Began as a Felid Conjurer on Mar 29, 2024.
             Was a Believer of Vehumet.
             Mangled by a boulder beetle (17 damage)
             ... on level 11 of the Dungeon.
             The game lasted 01:06:37 (11545 turns).

holocube the Thaumaturge (Felid Conjurer)          Turns: 11545, Time: 01:06:37

Health: -6/50      AC:  2    Str:  3    XL:     11   Next: 23%
Magic:  25/35      EV: 19    Int: 26    God:    Vehumet [**....]
Gold:   496        SH:  5    Dex: 15    Spells: 9/31 levels left
                                        Lives:  0   Deaths: 3

rFire   . . .        (weapon unavailable)
rCold   . . .        (shield unavailable)
rNeg    . . .        (body armour unavailable)
rPois   .            (helmet unavailable)
rElec   .            (cloak unavailable)
rCorr   .            (gloves unavailable)
SInv    +            (boots unavailable)
Will    +....        p - amulet of reflection
Stlth   +++          q - ring of magical power
HPRegen 0.28/turn    s - ring of flight
MPRegen 0.24/turn

%: reflection
@: flying
A: very small, claws 1, fangs 3, see invisible, shaggy fur 2, stealthy paws, no
weapons or thrown items, no armour, multi-lived
a: Renounce Religion


You were on level 11 of the Dungeon.
You worshipped Vehumet.
Vehumet was pleased with you.
You visited 2 branches of the dungeon, and saw 12 of its levels.

You collected 532 gold pieces.
You spent 36 gold pieces at shops.

Inventory:

Jewellery
 g - a ring of poison resistance
 p - an amulet of reflection (around neck)
 q - a ring of magical power (left paw)
 s - a ring of flight (right paw)
 x - a ring of protection from cold
 A - an amulet of guardian spirit
Wands
 y - a wand of flame (80)
Scrolls
 e - 2 scrolls of enchant armour
 h - 2 scrolls of fog
 j - 2 scrolls of torment
 l - 3 scrolls of poison
 o - 4 scrolls of teleportation
 r - 2 scrolls of vulnerability
 t - a scroll of revelation {unknown}
 w - 2 scrolls of amnesia
 z - a scroll of enchant weapon {unknown}
 B - 2 scrolls of brand weapon {unknown}
 D - a scroll of silence {unknown}
Potions
 c - a potion of enlightenment
 d - a potion of might {unknown}
 i - a potion of cancellation {unknown}
 k - a potion of mutation {unknown}
 m - 2 potions of degeneration
 u - a potion of haste
 v - a potion of lignification {unknown}
 C - 2 potions of attraction
 F - a potion of resistance {unknown}


   Skills:
 + Level 1.7 Fighting
 + Level 6.0 Dodging
 + Level 6.0 Stealth
 + Level 0.7 Unarmed Combat
 + Level 10.9 Spellcasting
 + Level 10.2 Conjurations
 + Level 0.4 Necromancy
 + Level 2.1 Translocations
 + Level 0.1 Air Magic
 + Level 4.7 Alchemy


You had 9 spell levels left.
You knew the following spells:

 Your Spells              Type           Power      Damage    Failure   Level
a - Magic Dart            Conj           100%       1d8       1%          1
b - Searing Ray           Conj           100%       2d8       1%          2
c - Iskenderun's Mystic   Conj/Tloc      46%        2d10      3%          4
d - Vampiric Draining     Necr           16%        2d7       11%         3
e - Fulminant Prism       Conj/Alch      26%        3d14      1%          4
f - Ensorcelled Hibernat  Hex/Ice        28%        N/A       6%          2
g - Mercury Vapours       Alch/Air       52%        N/A       2%          2
h - Flame Wave            Conj/Fire      40%        2d11      4%          4

Your spell library contained the following spells:

 Spells                   Type           Power      Damage    Failure   Level
 Scorch                   Fire           28%        2d6       6%          2
 Necrotise                Necr           64%        1d7       3%          1
 Fugue of the Fallen      Necr           16%        N/A       11%         3
 Inner Flame              Hex/Fire       14%        N/A       13%         3
 Sticky Flame             Fire/Alch      26%        2d6       16%         4
 Anguish                  Hex/Necr       7%         N/A       36%         4
 Martyr's Knell           Necr/Summ      15%        N/A       36%         4
 Curse of Agony           Necr           16%        N/A       67%         5


Dungeon Overview and Level Annotations

Branches:
Dungeon (11/15) Zot: 26683  Temple (1/1) D:7 Zot: 5977    Lair (0/5) D:9
    Orc: D:9-12

Altars:
Ashenzari
Cheibriados
Dithmenos
Elyvilon
Fedhas
Gozag
Hepliaklqana
Kikubaaqudgha
Makhleb
Nemelex Xobeh
Okawaru
Qazlal
Ru
Sif Muna
Trog
Uskayaw
Vehumet
Wu Jian
Xom
Yredelemnul
Zin
The Shining One

Shops:
D:3 (   D:4 [   D:5 (=   D:6 (   D:7 *   D:8 *

Annotations:
D:5 1 runed translucent door, Kave's ghost, novice TrSh
D:10 1 runed translucent door
D:11 Snorg


Innate Abilities, Weirdness & Mutations

You have sharp claws.
You have razor-sharp teeth.
You have supernaturally acute eyesight. (SInv)
You are covered in thick fur. (AC +2)
Your paws help you pounce on unaware monsters.
You are incapable of wielding weapons or throwing items.
You cannot wear armour.
You gain extra lives every three experience levels.


Message History

Level annotation: Snorg
There is a stone staircase leading up here.
Done exploring.
You fly upwards.
Level annotation: 1 runed translucent door
There is a stone staircase leading down here.
You see here a +0 whip.
You see here a +0 spear.
There is a stone staircase leading down here.
You fly downwards.
Level annotation: Snorg The boulder beetle barely misses you.
There is a stone staircase leading up here.
Casting: Fulminant Prism (dangerous; 1% risk of failure)
Confirm with . or Enter, or press ? or * to list all spells.
Aiming: Searing Ray (safe; 1% risk of failure)
Press: ? - help, Shift-Dir - straight line, f - boulder beetle
Aim: a boulder beetle (100% to hit)
The searing ray hits the boulder beetle.
The boulder beetle is lightly wounded. (Press . to maintain the ray.)
The boulder beetle bites you!
The searing ray hits the boulder beetle but does no damage.
The boulder beetle is lightly wounded.
The boulder beetle bites you!!
Casting: Searing Ray (safe; 1% risk of failure)
Confirm with . or Enter, or press ? or * to list all spells.
You erupt in a blast of force!
The mystic blast hits the boulder beetle!
The boulder beetle is moderately wounded.
You hear a shout!
The boulder beetle bites you!
* * * LOW HITPOINT WARNING * * *
Casting: Iskenderun's Mystic Blast (dangerous; 3% risk of failure)
Confirm with . or Enter, or press ? or * to list all spells.
You erupt in a blast of force!
The mystic blast hits the boulder beetle but does no damage.
The boulder beetle is moderately wounded.
The boulder beetle bites you!
You die...

###### #....# #..B.# #...@#
#....# ### #...<# ....
#....# .....
#######....##########$.....
.D.....................$...
.......>...[...............
####...........<...........
#..................?...H


You could see a boulder beetle.

Vanquished Creatures
  2 two-headed ogres
  A manticore (D:11)
  Maurice (D:11)
  A cyclops (D:7)
  Jeremiah (D:6)
  Psyche (D:11)
  2 trolls
  Sigmund (D:6)
  3 shadows
  5 yaks
  6 vampire mosquitoes (D:10)
  2 acid dragons (D:11)
  A water moccasin (D:7)
  An orc warrior (D:9)
  An ice beast (D:6)
  2 black bears
  A sky beast (D:7)
  4 centaurs
  A wolf (D:10)
  2 ogres
  2 bullfrogs
  5 kobold brigands
  A gnoll sergeant (D:10)
  14 wights
  14 killer bees
  5 howler monkeys
  A human zombie (D:10)
  A hound (D:7)
  A bombardier beetle (D:4)
  4 orc priests
  A sleepcap (D:6)
  A gnoll bouda (D:6)
  A jelly (D:7)
  3 iguanas
  4 orc wizards
  9 gnolls
  7 adders
  2 white imps
  2 ufetubi
  2 ribbon worms
  4 dart slugs
  26 orcs
  8 ball pythons
  7 endoplasms
  6 giant cockroaches
  7 goblins
  6 hobgoblins
  4 jackals (D:5)
  45 kobolds
  4 quokkas
  A bat (D:2)
  3 frilled lizards
  13 rats
253 creatures vanquished.

Vanquished Creatures (others)
  54 fulminant prisms
54 creatures vanquished.

Grand Total: 307 creatures vanquished

Notes
Turn   | Place    | Note
-------+----------+-------------------------------------------
     0 | D:1      | holocube the Felid Conjurer began the quest for the Orb.
     0 | D:1      | Reached XP level 1. HP: 9/9 MP: 4/4
   171 | D:1      | Reached XP level 2. HP: 13/13 MP: 3/6
   174 | D:1      | Learned a level 2 spell: Searing Ray
   565 | D:1      | Found a faded altar of an unknown god.
   745 | D:1      | Reached XP level 3. HP: 16/16 MP: 1/7
  2260 | D:3      | Reached XP level 4. HP: 21/21 MP: 4/8
  2260 | D:3      | Gained a life (2 lives remaining)
  2324 | D:3      | Learned a level 4 spell: Iskenderun's Mystic Blast
  2451 | D:3      | Found Wozith's Antique Weapon Shop.
  2662 | D:3      | Found a sparkling altar of Nemelex Xobeh.
  2823 | D:4      | Found Rorur's Armour Emporium.
  2831 | D:4      | Reached skill level 5 in Conjurations
  2900 | D:4      | Reached XP level 5. HP: 24/24 MP: 3/10
  2904 | D:4      | Noticed a black bear
  2973 | D:4      | Killed a black bear
  3143 | D:4      | Noticed an ogre
  3227 | D:4      | Killed an ogre
  3228 | D:4      | Gained mutation: You are covered in thick fur. (AC +2)
                  | [Felid growth]
  3228 | D:4      | Reached XP level 6. HP: 28/28 MP: 5/12
  3232 | D:4      | Learned a level 3 spell: Vampiric Draining
  3989 | D:5      | Entered Level 5 of the Dungeon
  4058 | D:5      | Reached XP level 7. HP: 28/32 MP: 3/14
  4259 | D:5      | Found Kaluez's Jewellery Boutique.
  4328 | D:5      | Found a runed translucent door.
  4335 | D:5      | Noticed Kave's ghost (novice TrSh)
  4496 | D:5      | Found Wajeson's Weapon Shoppe.
  4919 | D:5      | Reached skill level 5 in Stealth
  5095 | D:6      | Reached skill level 5 in Spellcasting
  5161 | D:6      | Found Xeiputz's Antique Weapon Shoppe.
  5314 | D:6      | Noticed Jeremiah
  5321 | D:6      | Learned a level 4 spell: Fulminant Prism
  5365 | D:6      | Killed Jeremiah
  5366 | D:6      | Reached XP level 8. HP: 37/37 MP: 6/17
  5631 | D:6      | Reached skill level 1 in Fighting
  6011 | D:6      | Found a shimmering blue altar of Sif Muna.
  6037 | D:6      | Found a glowing silver altar of Zin.
  6496 | D:6      | Found a burning altar of Makhleb.
  6498 | D:6      | Noticed Sigmund
  6599 | D:6      | Killed Sigmund
  6600 | D:6      | Reached skill level 1 in Alchemy
  6849 | D:7      | Found a staircase to the Ecumenical Temple.
  6878 | Temple   | Entered the Ecumenical Temple
  6889 | Temple   | Became a worshipper of Vehumet
  7120 | D:7      | Noticed a cyclops
  7186 | D:7      | Killed a cyclops
  7187 | D:7      | Reached XP level 9. HP: 34/41 MP: 0/21
  7394 | D:7      | Noticed a two-headed ogre
  7435 | D:7      | Killed a two-headed ogre
  7436 | D:7      | Reached skill level 5 in Dodging
  7584 | D:7      | Found a broken altar of Ashenzari.
  7989 | D:7      | Found Rixilen's Gadget Gallery.
  8259 | D:8      | Found Someinax's General Store.
  8263 | D:8      | Bought a scroll of teleportation for 36 gold pieces
  9046 | D:8      | Reached XP level 10. HP: 45/45 MP: 23/23
  9274 | D:9      | Reached * piety under Vehumet
  9274 | D:9      | Offered knowledge of Foxfire by Vehumet.
  9368 | D:9      | Slain by a hornet
  9368 | D:9      | Lost a life (1 life remaining)
  9369 | D:9      | Found a staircase to the Lair.
  9377 | D:9      | HP: 1/45 [orc priest/divine providence (14)]
  9380 | D:10     | Entered Level 10 of the Dungeon
  9620 | D:10     | Reached skill level 1 in Translocations
  9962 | D:10     | Learned a level 2 spell: Ensorcelled Hibernation
 10118 | D:10     | Found a runed translucent door.
 10171 | D:10     | Found a basalt altar of Yredelemnul.
 10228 | D:10     | Offered knowledge of Mercury Vapours by Vehumet.
 10232 | D:10     | Learned a level 2 spell: Mercury Vapours
 10423 | D:10     | Learned a level 4 spell: Flame Wave
 10543 | D:10     | Reached ** piety under Vehumet
 10702 | D:10     | Reached skill level 10 in Spellcasting
 10812 | D:11     | Noticed a manticore
 10837 | D:11     | Killed from afar by a manticore
 10837 | D:11     | Lost a life (0 lives remaining)
 10840 | D:11     | Noticed a two-headed ogre
 10853 | D:11     | Killed a two-headed ogre
 10861 | D:11     | Noticed Maurice
 10862 | D:11     | Killed a manticore
 10863 | D:11     | Reached XP level 11. HP: 40/50 MP: 14/26
 10863 | D:11     | Gained a life (1 life remaining)
 10871 | D:11     | Reached skill level 10 in Conjurations
 10871 | D:11     | Killed Maurice
 10873 | D:11     | Noticed Snorg
 11074 | D:11     | Noticed Psyche
 11085 | D:11     | Killed Psyche
 11231 | D:11     | HP: 2/50 [Snorg (16)]
 11231 | D:11     | Mangled by a killer bee
 11231 | D:11     | Lost a life (0 lives remaining)
 11337 | D:11     | Offered knowledge of Scorch by Vehumet.
 11342 | D:11     | Noticed a boulder beetle
 11545 | D:11     | Mangled by a boulder beetle

Illustrated notes

Levels and vault maps discovered:
D:1:      nzn_arrival_depleted_hourglass, layout_loops_ring,
          chequers_ecumenical_altar_simple, minmay_heptomino_h4
D:2:      layout_loops_ring, minmay_rat_gold_closets
D:3:      minmay_angry_zag, layout_basic, mainiacjoe_overflow_surrounded_room,
          serial_shops, shop
D:4:      layout_rooms, serial_shops, shop, minivault_25, kennysheep_dice
D:5:      kennysheep_kobold_camp, layout_rooms, ebering_ghost_sewer_d,
          serial_shops, nicolae_shop_bloodbath_and_beyond, shop
D:6:      layout_basic, mainiacjoe_overflow_alcove_4,
          mainiacjoe_overflow_two_lobes, serial_shops, shop, uniq_sigmund,
          uniq_jeremiah
D:7:      layout_loops_ring, evilmike_ruin_ashenzari,
          minmay_temple_entry_arrows, serial_bayou_pond_a, nicolae_shop_gadgets
D:8:      layout_loops_ring, serial_shops, nicolae_shop_back_alley_shop,
          nicolae_figureground_sparkle
D:9:      layout_basic, erik_lair_orcish_takeover, uniq_harold
D:10:     layout_rooms, dk_yredelemnul_ordeal, patterned_corridor
D:11:     regret_index_combs_of_tragedy, layout_irregular_city, enter_trove_2,
          gauntlet_entry_generic, uniq_psyche, uniq_snorg, uniq_maurice
Temple:   nicolae_temple_superstar

Skill      XL: |  1  2  3  4  5  6  7  8  9 10 11 |
---------------+----------------------------------+-----
Conjurations   | 4 5 6 7 8 9 10 | 10.2
Dodging        | 3 4 5 6 |  6.0
Stealth        | 3 4 5 6 |  6.0
Spellcasting   | 3 4 5 7 8 10 | 10.9
Fighting       | 1 |  1.7
Alchemy        | 1 3 4 |  4.7
Translocations | 1 2 |  2.1
Unarmed Combat | |  0.7
Necromancy     | |  0.4
Air Magic      | |  0.1

Action                     |  1- 3 |  4- 6 |  7- 9 | 10-12 || total
---------------------------+-------+-------+-------+-------++-------
  Melee: Unarmed           |     3 |       |    11 |       ||    14
         Bite              |     1 |       |       |       ||     1
   Cast: Magic Dart        |    81 |    71 |   193 |    53 ||   398
         Searing Ray       |     3 |    14 |    46 |    62 ||   125
         Fulminant Prism   |       |       |    24 |    31 ||    55
         Iskenderun's Myst |       |       |     1 |    22 ||    23
         Vampiric Draining |       |       |     1 |     2 ||     3
         Mercury Vapours   |       |       |       |     2 ||     2
         Ensorcelled Hiber |       |       |       |     1 ||     1
  Evoke: Wand              |       |       |       |     1 ||     1
    Use: Potion            |       |       |     3 |     5 ||     8
         Scroll            |       |       |    10 |     4 ||    14
 Armour: Skin              |     4 |     4 |    27 |    43 ||    78
  Dodge: Dodged            |    11 |     6 |    90 |    77 ||   184
  Block: Other             |       |       |    20 |    23 ||    43
         Reflection        |       |       |     8 |     1 ||     9
